 Dungeon Crawl Stone Soup version 0.31-a0-167-g1c394c0614 (webtiles) character file.

Game seed: 5918446128915445361

53 qw the Shooter (level 3, -4/23 HPs)
             Began as a Gargoyle Hunter on June 14, 2023.
             Slain by Sigmund
             ... wielding a +0 scythe
              (7 damage)
             ... on level 3 of the Dungeon.
             The game lasted 00:00:39 (1603 turns).

qw the Shooter (Gargoyle Hunter)                    Turns: 1603, Time: 00:00:39

Health: -4/23      AC:  6    Str: 14    XL:     3   Next: 87%
Magic:  3/3        EV: 11    Int:  9    God:
Gold:   150        SH:  0    Dex: 15    Spells: 2/2 levels left

rFire   . . .        Y - +0 shortbow
rCold   . . .        (shield currently unavailable)
rNeg    + . .        c - +0 leather armour
rPois   inf          (no helmet)
rElec   +            (no cloak)
rCorr   .            (no gloves)
SInv    .            (no boots)
Will    .....        (no amulet)
Stlth   ++           (no ring)
HPRegen 0.23/turn    (no ring)
MPRegen 0.08/turn

%: no passive effects
@: no status effects
A: sickness immunity, AC +3, negative energy resistance 1, electricity
resistance, torment resistance 1, petrification resistance
a: no special abilities


You were on level 3 of the Dungeon.
You visited 1 branch of the dungeon, and saw 3 of its levels.

You collected 150 gold pieces.


Innate Abilities, Weirdness & Mutations

You are immune to sickness and miasma.
Your stone body is resilient. (AC +3)
You are immune to poison.
You resist negative energy. (rN+)
You are resistant to electric shocks. (rElec)
You are resistant to unholy torment.
You are immune to petrification.


   Skills:
 - Level 3.0 Fighting
 + Level 5.0 Ranged Weapons
 - Level 1.5 Dodging
 - Level 1.1 Stealth


You had 2 spell levels left.
You didn't know any spells.
Your spell library was empty.

Inventory:

Hand Weapons
 Y - a +0 shortbow (weapon)
Armour
 c - a +0 leather armour (worn)
Jewellery
 b - a ring of protection from cold
Scrolls
 f - a scroll of teleportation
 g - a scroll of fear {unknown}
Potions
 a - a potion of curing
 d - a potion of lignification {unknown}
 e - a potion of cancellation

Dungeon Overview and Level Annotations

Branches:
Dungeon (3/15)

Altars:
Trog

Shops:
D:3 =

Annotations:
D:3 Sigmund


Message History

You shoot an arrow.
A magic dart appears from out of thin air!
The magic dart hits you.
You shoot an arrow. You shoot an arrow. You shoot an arrow. You shoot an arrow.
A puff of flame appears from out of thin air!
The puff of flame hits you.
You shoot an arrow. You shoot an arrow.
A magic dart appears from out of thin air!
The magic dart hits you but does no damage.
You shoot an arrow. You shoot an arrow. You shoot an arrow. You shoot an arrow.
You shoot an arrow. Something hits you!
You shoot an arrow. Something hits you.
You shoot an arrow.
You hear some strange, mumbled words.
You are confused.
You shoot an arrow. Something hits you.
You shoot an arrow.
You hear some strange, mumbled words.
A magic dart appears from out of thin air!
The magic dart hits you.
You shoot an arrow. Something hits you.
You shoot an arrow.
You hear some strange, mumbled words.
A magic dart appears from out of thin air!
The magic dart hits you.
You shoot an arrow.
You feel less confused. Something hits you!
You die...

# ..# # ######+.#..
....#.. #.......#..
....#.. ## #.........
_..... .## #.......#
....# .<# #....>..#
....# #.# #.......# ...
#.## #.......####{####.#
#..###..........@......#
##...........###########
####..####.##
#.........# #.........#
#..%......# #.........#
#.........# ######.##.#


There were no monsters in sight!

Vanquished Creatures
  A dart slug (D:2)
  4 bats
  2 endoplasms
  A giant cockroach (D:1)
  7 hobgoblins
  7 jackals
  4 kobolds
  4 quokkas
  4 ball pythons
  5 frilled lizards
  4 goblins (D:2)
  3 rats (D:1)
46 creatures vanquished.

Notes
Turn   | Place    | Note
-------+----------+-------------------------------------------
     0 | D:1      | qw the Gargoyle Hunter began the quest for the Orb.
     0 | D:1      | Reached XP level 1. HP: 12/12 MP: 1/1
     0 | D:1      | 0 ||| qw: Version: 0.2-a-29-g1fa15c8
     0 | D:1      | 0 ||| qw: Game counter: 5127
     0 | D:1      | 0 ||| qw: Always use a shield: true
     0 | D:1      | 0 ||| qw: God list: Okawaru
     0 | D:1      | 0 ||| qw: Allow faded altars: false
     0 | D:1      | 0 ||| qw: Do Orc after D:15 true
     0 | D:1      | 0 ||| qw: Do second Lair branch before Depths: true
     0 | D:1      | 0 ||| qw: Lair rune preference: random
     0 | D:1      | 0 ||| qw: Plans: Normal, Zot:1-4, Slime:5, God:TSO, Crypt,
                  | Tomb, Abyss, Pan, Hells, Win
     0 | D:1      | 0 ||| PLANNING D:1-11
   324 | D:1      | Reached XP level 2. HP: 17/17 MP: 2/2
   794 | D:1      | Reached XP level 3. HP: 21/21 MP: 3/3
   836 | D:1      | 836 ||| READING scroll labelled DECSIQ VEDDA.
   841 | D:1      | 841 ||| READING scroll labelled XIL TEMAPATATH.
   842 | D:1      | 842 ||| DROPPING scroll of butterflies.
   876 | D:2      | Reached skill level 5 in Ranged Weapons
  1450 | D:2      | Reached skill level 3 in Fighting
  1452 | D:2      | 1452 ||| READING scroll labelled EFAT XATUXKOAS.
  1453 | D:2      | 1453 ||| DRINKING 2 purple potions.
  1454 | D:2      | 1454 ||| DRINKING 2 amethyst potions.
  1508 | D:3      | Found Pabri's Jewellery Boutique.
  1517 | D:3      | 1517 ||| SHOPLISTING amulet of the acrobat (390 gold, have
                  | 150).
  1517 | D:3      | 1517 ||| SHOPLISTING ring of Boshanka {AC+4 Str+5 Dex+8
                  | Slay-4} (695 gold, have 150).
  1517 | D:3      | 1517 ||| SHOPLISTING ring of Eternity {rC+ Will+ SInv} (543
                  | gold, have 150).
  1517 | D:3      | 1517 ||| SHOPLISTING ring of fire (325 gold, have 150).
  1517 | D:3      | 1517 ||| SHOPLISTING ring of protection from cold (325
                  | gold, have 150).
  1517 | D:3      | 1517 ||| SHOPLISTING ring of see invisible (195 gold, have
                  | 150).
  1578 | D:3      | Found a bloodstained altar of Trog.
  1578 | D:3      | Noticed Sigmund
  1600 | D:3      | HP: 5/23 [something/magic dart (1)]
  1603 | D:3      | Slain by Sigmund

Levels and vault maps discovered:
D:1:      dpeg_arrival_ternary, layout_loops_corners, hex_tiny
D:2:      layout_basic
D:3:      wad_pebble_path, layout_basic, old_standard_altar, serial_shops, shop,
          grunt_ministairs_15, minmay_misc_feat_iff, minmay_box_of_dots,
          uniq_sigmund

Skill      XL: |  1  2  3 |
---------------+----------+-----
Ranged Weapons | 5 |  5.0
Fighting       | 3 |  3.0
Dodging        | |  1.5
Stealth        | |  1.1

Action                     || total
---------------------------++-------
   Fire: Shortbow          ||   175
    Use: Scroll            ||     3
         Potion            ||     2
 Armour: Leather armour    ||    42
  Dodge: Dodged            ||    87

Table legend:
 A = Non-vault XP
 B = Vault XP
 C = Vault XP percentage of total XP
 D = Non-vault monster count
 E = Vault monster count
 F = Vault count percentage of total count
                 A         B        C        D         E       F
            +---------+---------+-------+---------+---------+-------
      Total |      76 |       0 |   0.0 |      46 |       0 |   0.0
            +---------+---------+-------+---------+---------+-------
        D:1 |      34 |       0 |   0.0 |      21 |       0 |   0.0
        D:2 |      37 |       0 |   0.0 |      22 |       0 |   0.0
        D:3 |       5 |       0 |   0.0 |       3 |       0 |   0.0
            +---------+---------+-------+---------+---------+-------
